 Dungeon Crawl Stone Soup version 0.29-a0-1027-gcd8c55af63 (webtiles) character file.

Game seed: 12466037629717606214

60 bladeefan the Trooper (level 4, -3/40 HPs)
             Began as a Hill Orc Monk on Aug 13, 2022.
             Slain by Grinder (7 damage)
             ... on level 3 of the Dungeon.
             The game lasted 00:03:01 (2571 turns).

bladeefan the Trooper (Hill Orc Monk)               Turns: 2571, Time: 00:03:01

Health: -3/40      AC:  3    Str: 15    XL:     4   Next: 6%
Magic:  4/4        EV: 12    Int: 10    God:
Gold:   125        SH:  0    Dex: 13    Spells: 3/3 levels left

rFire   + + .      SeeInvis .   a - +0 mace
rCold   + . .      Faith    .   (no shield)
rNeg    . . .      Spirit   .   j - +0 leather armour
rPois   +          Reflect  .   (no helmet)
rElec   +          Harm     .   g - scarf {repulsion}
rCorr   +          Rampage  .   (no gloves)
Will    .....      Clarity  +   (no boots)
Stlth   ++........              (no amulet)
HPRegen 0.13/turn               i - ring of protection from fire
MPRegen 0.09/turn               (no ring)

@: about to teleport, resistant, repel missiles
A: clarity
a: no special abilities


You were on level 3 of the Dungeon.
You visited 1 branch of the dungeon, and saw 3 of its levels.

You collected 125 gold pieces.

Inventory:

Hand Weapons
 a - a +0 mace (weapon)
Armour
 b - a +0 robe
 g - a scarf of repulsion (worn)
   (You found it on level 1 of the Dungeon)
 j - a +0 leather armour (worn)
   (You found it on level 1 of the Dungeon)
Jewellery
 i - a ring of protection from fire (left hand)
   (You found it on level 1 of the Dungeon)
Scrolls
 e - 2 scrolls of identify {unknown}
 h - a scroll of magic mapping
 m - a scroll of enchant armour {unknown}
 o - a scroll of poison {unknown}
Potions
 c - 3 potions of ambrosia
 d - 4 potions of curing {@q1}


   Skills:
 * Level 4.3 Fighting
 + Level 4.0 Maces & Flails
 + Level 0.9 Armour
 + Level 2.8 Dodging
 - Level 1.9 Stealth


You had 3 spell levels left.
You didn't know any spells.
Your spell library contained the following spells:

 Spells                   Type           Power      Damage    Failure   Level
 Summon Small Mammal      Summ           0%         N/A       43%         1
 Call Canine Familiar     Summ           0%         N/A       80%         3
 Summon Guardian Golem    Hex/Summ       0%         N/A       80%         3


Dungeon Overview and Level Annotations

Branches:
Dungeon (3/15)

Altars:
Kikubaaqudgha

Shops:
D:2 *

Annotations:
D:3 Grinder


Innate Abilities, Weirdness & Mutations

You possess an exceptional clarity of mind.


Message History

Grinder shouts!
The goblin hits you with a +0 club.
You hit the goblin. The goblin hits you with a +0 club.
You hit the goblin but do no damage. The goblin hits you but does no damage.
You miss the goblin. The goblin hits you with a +0 club.
Grinder blinks!
The goblin hits you but does no damage.
You barely miss the goblin. The goblin hits you with a +0 club.
You sock the goblin!
You kill the goblin!
Grinder gestures at you.
You barely resist.
It was a potion of curing.
You feel better.
Grinder blinks!
It was a potion of mutation.
You feel extremely strange.
Your thoughts seem clearer.
It was a potion of heal wounds.
You feel much better.
It was a potion of cancellation.
You feel magically purged. Grinder gestures at you.
Pain shoots through your body!
It was a potion of resistance.
You feel protected. Grinder hits you.
You writhe in agony.
You hit Grinder but do no damage. Grinder hits you.
* * * LOW HITPOINT WARNING * * *
You writhe in agony.
* * * LOW HITPOINT WARNING * * *
You hit Grinder but do no damage. Grinder barely misses you.
You barely miss Grinder. Grinder gestures at you.
You suddenly lose the ability to move!
Grinder says, "Tell me all your secrets, or I'll kill you."
Grinder hits you!
* * * LOW HITPOINT WARNING * * *
You writhe in agony.
* * * LOW HITPOINT WARNING * * *
Grinder gestures at you. You resist with significant effort.
Grinder hits you but does no damage. Grinder completely misses you.
You can move again.
As you read the scroll labelled APTO CIJEGREAZ, it crumbles to dust.
You feel aware of your surroundings.
It was a scroll of magic mapping.
Grinder hits you but does no damage.
As you read the scroll labelled DANEXI MOJURPHEYMI, it crumbles to dust.
You feel strangely unstable.
It was a scroll of teleportation.
Grinder hits you.
* * * LOW HITPOINT WARNING * * *
You writhe in agony.
* * * LOW HITPOINT WARNING * * *
Grinder attacks as you move away! Grinder hits you!
You die...

**#.###.#.### *,*
#.....#,..* *,*
###.###.#.#* *,*
#.....#,.#***,*
##...###....,,,*
#........#*#**,*
#)#....### *,* #.######
*,* #@# *,* #5# *,* #.#
*,* #.# *,* #.# *,*
########.#######*****,*
#.........).....,,,,,,*
#.##############*******
#.#


You could see Grinder.

Vanquished Creatures
  4 dart slugs
  5 ball pythons
  5 bats
  3 endoplasms
  2 giant cockroaches (D:2)
  12 goblins
  A hobgoblin (D:2)
  6 kobolds
  6 quokkas
  A frilled lizard (D:1)
  4 rats
49 creatures vanquished.

Vanquished Creatures (others)
  2 plants (D:3)
2 creatures vanquished.

Grand Total: 51 creatures vanquished

Notes
Turn   | Place    | Note
-------+----------+-------------------------------------------
     0 | D:1      | bladeefan the Hill Orc Monk began the quest for the Orb.
     0 | D:1      | Reached XP level 1. HP: 19/19 MP: 1/1
   335 | D:1      | Reached XP level 2. HP: 24/27 MP: 2/2
  1234 | D:1      | Reached XP level 3. HP: 33/33 MP: 3/3
  1677 | D:2      | Found a faded altar of an unknown god.
  1774 | D:2      | Found Jumud's General Store.
  2223 | D:2      | Reached XP level 4. HP: 35/40 MP: 4/4
  2261 | D:2      | Found an ancient bone altar of Kikubaaqudgha.
  2537 | D:3      | Noticed Grinder
  2556 | D:3      | Gained mutation: You possess an exceptional clarity of
                  | mind. [potion of mutation]
  2564 | D:3      | Paralysed by Grinder for 4 turns
  2571 | D:3      | Slain by Grinder

Illustrated notes

Levels and vault maps discovered:
D:1:      lightli_molten_gateway, layout_basic, serial_park_tiny_1
D:2:      layout_basic, basic_altar, serial_shops, shop,
          dreamdust_ecumenical_altar_statues, minmay_small_reverse_x
D:3:      layout_basic, serial_bayou, serial_bayou_shore_b,
          serial_bayou_lagoon_a, serial_bayou_pond_b, serial_bayou_lake_a,
          minmay_stone_trees_small, minmay_crystal_water,
          hangedman_abyss_or_decor_stabs, uniq_terence, uniq_grinder,
          uniq_crazy_yiuf_cottage

Skill      XL: |  1  2  3 |
---------------+----------+-----
Fighting       | 4 |  4.3
Maces & Flails | 4 |  4.0
Armour         | |  0.9
Dodging        | |  2.8
Stealth        | |  1.9

Action                   |  1- 3 |  4- 6 || total
-------------------------+-------+-------++-------
Melee: Mace              |   138 |    11 ||   149
       Punch             |     1 |       ||     1
  Use: Potion            |       |     5 ||     5
       Scroll            |       |     2 ||     2
 Stab: Sleeping          |     8 |       ||     8
Armor: Robe              |     8 |       ||     8
       Leather armour    |    16 |     9 ||    25
Dodge: Dodged            |   108 |     5 ||   113
       Repelled          |     1 |       ||     1

Table legend: (Time is in decaauts)
 A = Elapsed time spent in this place.
 B = Non-inter-level travel time spent in this place.
 C = Inter-level travel time spent in this place.
 D = Time resting spent in this place.
 E = Time spent auto-exploring this place.
 F = Levels seen in this place.
 G = Mean time per level.
                   A        B        C        D        E       F      G
               +--------+--------+--------+--------+--------+-----+--------+
         Total |   2601 |   2549 |     52 |    268 |   1859 |   3 |  867.0 |
       Dungeon |   2601 |   2549 |     52 |    268 |   1859 |   3 |  867.0 |
               +--------+--------+--------+--------+--------+-----+--------+

Top non-repeatable levels by time:
     D:1: 1405 daAuts
     D:2: 1121 daAuts
     D:3: 73 daAuts
